 Dungeon Sprint DCSS version 0.31-a0-819-gf6de2f5ab6 (webtiles) character file.

Game seed: 2386744906178926622

3402 sircluck the Grappler (level 9, -2/105 HPs)
             Began as a Troll Berserker on Sept 23, 2023.
             Was a High Priest of Trog.
             Slain by a hellwing (7 damage)
             ... summoned by a kobold demonologist
             ... in the Dungeon (Sprint VII: "The Pits").
             The game lasted 00:01:53 (237 turns).

sircluck the Grappler (Troll Berserker)              Turns: 237, Time: 00:01:54

Health: -2/105     AC:  4    Str: 31    XL:     9   Next: 75%
Magic:  5/8        EV: 13    Int:  3    God:    Trog [*****.]
Gold:   0          SH:  0    Dex:  9    Spells: 8/8 levels left

rFire   . .          .
                       - Unarmed
rCold   . . .        (no shield)
rNeg    . . .        a - +0 animal skin
rPois   .            (helmet restricted)
rElec   .            (no cloak)
rCorr   .            (gloves unavailable)
SInv    .            (boots unavailable)
Will    .....        (no amulet)
Stlth   +            (no ring)
HPRegen 1.17/turn    (no ring)
MPRegen 0.11/turn

%: no teleportation
@: on berserk cooldown, slowed, very slow
A: large, unfitting armour, claws 3, regeneration 1, shaggy fur 1, tough skin 1
a: Renounce Religion, Berserk, Trog's Hand, Brothers in Arms


You were in the Dungeon.
You worshipped Trog.
Trog was extremely pleased with you.
You visited 1 branch

Inventory:

Armour
 a - a +0 animal skin (worn)
Potions
 b - a potion of curing
 d - a potion of haste
 e - 2 potions of magic
 f - a potion of berserk rage


   Skills:
 + Level 11.6 Fighting
 + Level 11.4 Dodging
 + Level 13.4 Unarmed Combat


You had 8 spell levels left.
You didn't know any spells.
Your spell library was empty.

Dungeon Overview and Level Annotations

Branches:
Dungeon (1/1)

Altars:


Innate Abilities, Weirdness & Mutations

You are too large for most types of armour.
You have claws for hands.
Your natural rate of healing is unusually fast.
You are covered in fur. (AC +1)
You have tough skin. (AC +1)


Message History

The ufetubus hits you. The ufetubus misses you.
The kobold demonologist gestures wildly while chanting.
The hellwing swoops through the air toward you!
The hellwing hits you! The hellwing closely misses you.
The ufetubus misses you.
The ufetubus hits you but does no damage.
The ufetubus disappears in a puff of smoke! x2
The kobold demonologist hits you with a +0 dagger. x2
* * * LOW HITPOINT WARNING * * *
Items here: ( )) ††.
You mangle the kobold demonologist!!
The kobold demonologist is severely wounded.
The hellwing misses you. The hellwing closely misses you.
The ufetubus hits you.
* * * LOW HITPOINT WARNING * * *
The ufetubus closely misses you. The white imp gestures at you.
The puff of frost misses you.
The puff of frost hits the ufetubus.
The ufetubus resists.
The quasit bites you but does no damage.
The quasit misses you.
The quasit claws you but does no damage.
The kobold demonologist hits you with a +0 dagger.
* * * LOW HITPOINT WARNING * * *
You claw the kobold demonologist!
The kobold demonologist is almost dead.
The ufetubus closely misses you. x2; The hellwing hits you!
* * * LOW HITPOINT WARNING * * *
The hellwing hits you.
* * * LOW HITPOINT WARNING * * *
The quasit bites you but does no damage.
The quasit claws you but does no damage.
The quasit barely misses you. The white imp hits you.
* * * LOW HITPOINT WARNING * * *
The white imp freezes you.
* * * LOW HITPOINT WARNING * * *
The ufetubus barely misses you. The ufetubus misses you.
The kobold demonologist closely misses you.
The hellwing completely misses you. The hellwing hits you!
You die...

##########++##########
#................##..#
#......#..#......##..#
#....)55...))....''..#
+....4@K.....))..''..##
#.....5#..#...)..##...K
#................##....
####'#####')###########
#.......##''#####
#.......##......+
#.......##......+
#...<...##.....##
#.......##...###


You could see a hellwing (summoned), a kobold demonologist, a quasit (summoned),
a white imp (summoned) and an ufetubus (summoned).

Vanquished Creatures
  A ghost moth (D)
  An orc knight (D)
  An orc sorcerer (D)
  A cane toad (D)
  An efreet (D)
  4 kobold demonologists (D)
  An orc warrior (D)
  A kobold brigand (D)
  An orc priest (D)
  3 orcs (D)
  3 kobolds (D)
18 creatures vanquished.

Notes
Turn   | Place    | Note
-------+----------+-------------------------------------------
     0 | D        | sircluck the Troll Berserker began the quest for the Orb.
     0 | D        | Reached XP level 1. HP: 22/22 MP: 0/0
    11 | D        | Noticed a cane toad
    11 | D        | Noticed a kobold demonologist
    19 | D        | Killed a cane toad
    20 | D        | Reached skill level 7 in Unarmed Combat
    20 | D        | Reached XP level 2. HP: 37/37 MP: 1/1
    20 | D        | Reached XP level 3. HP: 45/45 MP: 2/2
    20 | D        | Reached XP level 4. HP: 53/53 MP: 3/3
    20 | D        | Reached XP level 5. HP: 61/61 MP: 4/4
    24 | D        | Killed a kobold demonologist
    24 | D        | Reached ** piety under Trog
    25 | D        | Reached skill level 9 in Unarmed Combat
    25 | D        | Reached XP level 6. HP: 72/72 MP: 5/5
    58 | D        | Noticed an orc sorcerer
    66 | D        | Noticed a red devil
    72 | D        | Noticed a smoke demon
    73 | D        | Killed an orc sorcerer
    74 | D        | Reached skill level 10 in Unarmed Combat
    74 | D        | Reached XP level 7. HP: 71/81 MP: 6/6
    77 | D        | Noticed an efreet
    91 | D        | Killed an efreet
    92 | D        | Reached XP level 8. HP: 76/92 MP: 7/7
    94 | D        | Reached *** piety under Trog
   118 | D        | Noticed an orc knight
   122 | D        | Reached skill level 11 in Unarmed Combat
   127 | D        | Killed an orc knight
   128 | D        | Reached skill level 10 in Fighting
   178 | D        | Noticed a kobold demonologist
   179 | D        | Reached **** piety under Trog
   180 | D        | Noticed a kobold demonologist
   181 | D        | Noticed a kobold demonologist
   188 | D        | Noticed a soul eater
   191 | D        | Noticed a sun demon
   191 | D        | Killed a kobold demonologist
   192 | D        | Reached skill level 10 in Dodging
   192 | D        | Reached skill level 12 in Unarmed Combat
   192 | D        | Reached XP level 9. HP: 91/102 MP: 1/8
   197 | D        | Killed a ghost moth
   198 | D        | Reached skill level 13 in Unarmed Combat
   198 | D        | Noticed a sun demon
   203 | D        | Killed a kobold demonologist
   203 | D        | Reached ***** piety under Trog
   204 | D        | HP: 7/157 [sun demon[a kobold demonologist] (11)]
   206 | D        | Killed a kobold demonologist
   212 | D        | Noticed a kobold demonologist
   228 | D        | Noticed a hellwing
   233 | D        | Identified the +2 broad axe "Ejosa" {flame, rElec Will+++
                  | rCorr Stlth-} (Trog gifted it to you in the Dungeon)
   233 | D        | Received a gift from Trog
   237 | D        | HP: 5/105 [white imp[a kobold demonologist] (3)]
   237 | D        | Slain by a hellwing

Illustrated notes

Levels and vault maps discovered:
D:        pitsprint [storerooms_1, entrance_room_1, metal_vault_4, armoury_2,
          mini_pit_1, grid_room_1, main_hall_1, silver_pit, the_coven_2,
          the_vestibule_1, steel_vault_3, golden_pit, hallway_of_sentries,
          crystal_vault_4, iron_vault_1, final_vault]

Skill      XL: |  1  2  3  4  5  6  7  8  9 |
---------------+----------------------------+-----
Fighting       | 6 7 8 9 10 11 | 11.6
Dodging        | 6 7 8 9 10 11 | 11.4
Unarmed Combat | 7 9 10 12 13 | 13.4

Action                     |  1- 3 |  4- 6 |  7- 9 || total
---------------------------+-------+-------+-------++-------
  Melee: Unarmed           |     4 |    10 |    52 ||    66
         Punch             |       |       |     3 ||     3
 Invoke: Berserk           |     1 |       |     2 ||     3
    Use: Scroll            |       |       |     1 ||     1
         Potion            |       |       |     1 ||     1
 Armour: Animal skin       |     1 |     4 |    59 ||    64
  Dodge: Dodged            |     2 |     2 |    47 ||    51

Table legend: (Time is in decaauts)
 A = Elapsed time spent in this place.
 B = Non-inter-level travel time spent in this place.
 C = Inter-level travel time spent in this place.
 D = Time resting spent in this place.
 E = Time spent auto-exploring this place.
 F = Levels seen in this place.
 G = Mean time per level.
                   A        B        C        D        E       F      G
               +--------+--------+--------+--------+--------+-----+--------+
         Total |    241 |    241 |      0 |     81 |     11 |   1 |  241.0 |
       Dungeon |    241 |    241 |      0 |     81 |     11 |   1 |  241.0 |
               +--------+--------+--------+--------+--------+-----+--------+

Top non-repeatable levels by time:
       D: 241 daAuts
